Islanders vs MapleLeafs

Created - February 18, 2017 at 12:48

Goals
1 2 3 T
Islanders 0 0 0 0
MapleLeafs 0 0 1 1
Shots
1 2 3 T
Islanders 11 6 2 19
MapleLeafs 6 4 11 21

1st period

No Goal

Penalties :
Roman Polak (NYI) for Hooking (Minor) at 6:44

2nd period

No Goal

Penalties :
Brent Seabrook (TOR) for Holding (Minor) at 8:11, Erik Condra (NYI) for Boarding (Minor) at 13:05

3rd period

1. MapleLeafs , Jordan Staal 16 (Joonas Donskoi, Alexey Marchenko) at 13:26

Penalties :
Pierre-Alexandr Parenteau (NYI) for Interference (Minor) at 3:18, Roman Polak (NYI) for Cross-checking (Minor) at 8:53

Goalie Stats

Braden Holtby (NYI), 20 saves from 21 shots - (0.952), L, 18-27-5, 58:56 minutes
Petr Mrazek (TOR), 19 saves from 19 shots - (1.000), W, 25-15-4, 60:00 minutes

Players Stats for Islanders

Player Name              G  A  P  +/- PIM S  H  SB GA TA FO     MP     PP MP  PK MP  
------------------------------------------------------------------------------------
Alexander Semin          0  0  0  -1  0   1  0  1  0  0  0/3    17:32   0:45   4:51 
Andy Greene              0  0  0   0  0   1  1  1  0  0  0/0    21:00   0:45   2:51 
Brandon Davidson         0  0  0  -1  0   0  0  3  0  0  0/0    18:36   1:14   5:05 
Colin Wilson             0  0  0   0  0   0  1  1  0  0  0/1    19:00   0:00   0:00 
David Legwand            0  0  0   0  0   0  0  0  0  0  0/0     6:59   1:14   3:05 
Erik Condra              0  0  0   0  2   1  0  1  0  0  1/1    19:09   0:40   0:00 
Josh Jooris              0  0  0  -1  0   2  2  0  0  0  5/15   11:56   0:00   0:00 
Josh Manson              0  0  0   0  0   0  2  0  0  0  0/0    18:20   0:34   0:00 
Luca Sbisa               0  0  0   0  0   0  1  1  0  0  0/0    19:47   0:45   2:51 
Marek Zidlicky           0  0  0   0  0   0  0  0  0  0  0/0     3:51   0:00   0:00 
Nate Thompson            0  0  0  -1  0   2  2  0  0  0  5/8    17:42   1:14   2:46 
Niklas Hjalmarsson       0  0  0   0  0   1  0  3  0  0  0/0    25:29   0:00   5:05 
Patrick Sharp            0  0  0   0  0   5  0  0  0  0  2/2    18:08   0:45   0:00 
Pierre-Alexandr Parentea 0  0  0   0  2   1  1  0  0  0  0/1    20:12   0:34   0:00 
Roman Polak              0  0  0  -1  4   0  4  0  0  0  0/0    12:55   0:40   0:00 
Shawn Horcoff            0  0  0   0  0   3  2  0  0  0  11/18  19:00   0:00   0:00 
Tyler Bozak              0  0  0   0  0   2  1  0  0  0  8/20   22:24   0:45   5:10 
Zack Kassian             0  0  0   0  0   0  0  0  0  0  0/0     0:00   0:00   0:00 

Players Stats for MapleLeafs

Player Name              G  A  P  +/- PIM S  H  SB GA TA FO     MP     PP MP  PK MP  
------------------------------------------------------------------------------------
Alexei Emelin            0  0  0   0  0   1  5  1  0  0  0/0    18:29   0:00   1:02 
Alexey Marchenko         0  1  1   1  0   1  0  0  0  0  0/0    15:10   0:00   0:57 
Andreas Athanasiou       0  0  0   0  0   1  0  0  0  0  0/0     8:13   0:00   0:00 
Anthony Mantha           0  0  0   0  0   0  0  0  0  0  0/0    11:07   0:00   0:00 
Brendan Leipsic          0  0  0   0  0   3  0  0  0  0  0/1    12:50   0:00   1:12 
Brent Seabrook           0  0  0   0  2   1  1  4  0  0  0/0    23:12   4:24   0:00 
Joffrey Lupul            0  0  0   0  0   1  0  0  0  0  0/0    19:12   4:09   0:00 
Jonathan Marchessault    0  0  0   0  0   3  0  0  0  0  0/0    19:12   4:09   0:00 
Joonas Donskoi           0  1  1   1  0   2  0  0  0  0  1/1    18:58   3:47   0:00 
Jordan Staal             1  0  1   1  0   2  0  0  0  0  15/24  20:52   4:09   1:12 
Karl Alzner              0  0  0   0  0   0  1  1  0  0  0/0    22:22   4:24   1:02 
Kris Russell             0  0  0   0  0   1  0  0  0  0  0/0    20:54   3:32   0:57 
Landon Ferraro           0  0  0   0  0   1  0  0  0  0  0/0     8:44   0:00   0:00 
Mikael Backlund          0  0  0   0  0   0  1  0  0  0  8/13   11:54   0:00   0:47 
Milan Lucic              0  0  0   1  0   2  1  0  0  0  0/0    19:45   3:47   0:47 
Nazem Kadri              0  0  0   0  0   2  2  0  0  0  9/22   19:43   3:47   0:00 
Nick Leddy               0  0  0   1  0   0  2  0  0  0  0/0    19:25   3:32   0:00 
Riley Sheahan            0  0  0   0  0   0  1  1  0  0  4/8     7:58   0:00   0:00 

3 Stars

1 - Petr Mrazek (TOR)
2 - Braden Holtby (NYI)
3 - Jordan Staal (TOR)

Power Play

Islanders - 0 on 1 Attempt(s) - 0.00%
MapleLeafs - 0 on 4 Attempt(s) - 0.00%

Penalty Kill

Islanders - 4 on 4 Attempt(s) - 100.00% - Score 0 goal in Penalty Kill
MapleLeafs - 1 on 1 Attempt(s) - 100.00% - Score 0 goal in Penalty Kill

Team Stat

Islanders - Hits : 17 - Faceoff Wins : 32 - Blocked Shots : 11 - Penalty Minutes : 8
MapleLeafs - Hits : 14 - Faceoff Wins : 37 - Blocked Shots : 7 - Penalty Minutes : 2

Official

Referees : Frederick L'Ecuyer and Marc Joannette
Linesman : Brad Lazarowich and Don Henderson

Game Notes

No Game Note

Finance

Level 1 -- Attendance: 6049 (93.06%) -- Ticket Income $665,390
Level 2 -- Attendance: 4455 (89.10%) -- Ticket Income $338,580
Level 3 -- Attendance: 2410 (68.86%) -- Ticket Income $159,060
Level 4 -- Attendance: 2755 (97.73%) -- Ticket Income $110,200
Luxury Box -- Attendance: 990 (99.00%) -- Ticket Income $197,010
Game was played at the Air Canada Center.
Total Attendance: 16659 (88.52%)
Total Ticket Income: $1,470,240
Other Income: $220,536
Total Income: $1,690,776

% Time on Ice - Islanders

Lines # - Real PCT - Wanted PCT - Time Play
Normal Forward
1 - 32% - 36% - 15:50
2 - 38% - 33% - 19:00
3 - 24% - 20% - 11:56
4 - 5% - 11% - 2:40
Normal Defense
1 - 35% - 35% - 17:07
2 - 33% - 35% - 16:11
3 - 25% - 21% - 12:17
4 - 8% - 9% - 3:51
PP Forward
1 - 38% - 60% - 0:45
2 - 62% - 40% - 1:14
PP Defense
1 - 38% - 60% - 0:45
2 - 62% - 40% - 1:14
PK Forward
1 - 65% - 55% - 5:10
2 - 35% - 45% - 2:46
PK Defense
1 - 64% - 55% - 5:05
2 - 36% - 45% - 2:51
PK3 Forward
1 - 0% - 60%
2 - 0% - 40%
PK3 Defense
1 - 0% - 60%
2 - 0% - 40%
44 Forward
1 - 0% - 60%
2 - 0% - 40%
44 Defense
1 - 0% - 60%
2 - 0% - 40%
Last Minute Offensive  - 0:39
Last Minute Defensive  - 0:00
Total
Forward - 60:00
Defense - 60:00

% Time on Ice - MapleLeafs

Lines # - Real PCT - Wanted PCT - Time Play
Normal Forward
1 - 31% - 31% - 15:11
2 - 30% - 29% - 15:03
3 - 22% - 23% - 11:07
4 - 17% - 17% - 8:13
Normal Defense
1 - 34% - 36% - 16:56
2 - 32% - 33% - 15:43
3 - 30% - 31% - 15:02
4 - 4% - 0% - 1:53
PP Forward
1 - 48% - 54% - 3:47
2 - 52% - 46% - 4:09
PP Defense
1 - 55% - 54% - 4:24
2 - 45% - 46% - 3:32
PK Forward
1 - 61% - 51% - 1:12
2 - 39% - 49% - 0:47
PK Defense
1 - 52% - 60% - 1:02
2 - 48% - 40% - 0:57
PK3 Forward
1 - 0% - 51%
2 - 0% - 49%
PK3 Defense
1 - 0% - 52%
2 - 0% - 48%
44 Forward
1 - 0% - 54%
2 - 0% - 46%
44 Defense
1 - 0% - 55%
2 - 0% - 45%
Last Minute Offensive  - 0:00
Last Minute Defensive  - 0:31
Total
Forward - 60:00
Defense - 60:00

Play by Play

1st period


0:01 of 1st period - Jordan Staal wins face-off versus Tyler Bozak in neutral zone.
0:42 of 1st period - Shot by Tyler Bozak.
0:42 of 1st period - Deflect By Erik Condra.
0:42 of 1st period - Shot Blocked by Brent Seabrook.
1:27 of 1st period - Off-side.
1:28 of 1st period - Mikael Backlund wins face-off versus Shawn Horcoff in neutral zone.
1:57 of 1st period - Shot by Shawn Horcoff.
1:57 of 1st period - Stopped by Petr Mrazek without a rebound.
1:58 of 1st period - Riley Sheahan wins face-off versus Josh Jooris in MapleLeafs zone.
2:21 of 1st period - Off-side.
2:22 of 1st period - Shawn Horcoff wins face-off versus Nazem Kadri in neutral zone.
2:27 of 1st period - Shot by Shawn Horcoff.
2:27 of 1st period - Stopped by Petr Mrazek without a rebound.
2:28 of 1st period - Shawn Horcoff wins face-off versus Nazem Kadri in MapleLeafs zone.
2:59 of 1st period - Shot by Pierre-Alexandr Parenteau.
2:59 of 1st period - Stopped by Petr Mrazek without a rebound.
3:00 of 1st period - Mikael Backlund wins face-off versus Nate Thompson in MapleLeafs zone.
4:09 of 1st period - Riley Sheahan is hit by Roman Polak and loses puck.
4:22 of 1st period - Shot by Shawn Horcoff.
4:22 of 1st period - Shot Blocked by Riley Sheahan.
4:39 of 1st period - Icing by Karl Alzner.
4:40 of 1st period - Riley Sheahan wins face-off versus Tyler Bozak in MapleLeafs zone.
4:44 of 1st period - Off-side.
4:45 of 1st period - Jordan Staal wins face-off versus Tyler Bozak in neutral zone.
5:09 of 1st period - Shot by Patrick Sharp.
5:09 of 1st period - Stopped by Petr Mrazek without a rebound.
5:10 of 1st period - Nazem Kadri wins face-off versus Josh Jooris in MapleLeafs zone.
5:10 of 1st period - Kris Russell is hit by Josh Jooris and loses puck.
5:18 of 1st period - Off-side.
5:19 of 1st period - Josh Jooris wins face-off versus Nazem Kadri in neutral zone.
5:24 of 1st period - Shot by Nate Thompson.
5:24 of 1st period - Stopped by Petr Mrazek without a rebound.
5:25 of 1st period - Jordan Staal wins face-off versus Josh Jooris in MapleLeafs zone.
6:24 of 1st period - Shot by Nazem Kadri.
6:24 of 1st period - Stopped by Braden Holtby without a rebound.
6:25 of 1st period - Mikael Backlund wins face-off versus Tyler Bozak in Islanders zone.
6:28 of 1st period - Shot by Brendan Leipsic.
6:28 of 1st period - Stopped by Braden Holtby with a rebound.
6:34 of 1st period - Shot by Mikael Backlund.
6:34 of 1st period - Deflect By Brendan Leipsic.
6:34 of 1st period - Stopped by Braden Holtby without a rebound.
6:35 of 1st period - Nazem Kadri wins face-off versus Shawn Horcoff in Islanders zone.
6:35 of 1st period - Nazem Kadri is hit by Roman Polak.
6:44 of 1st period - Minor Penalty to Roman Polak for Hooking.
6:45 of 1st period - Jordan Staal wins face-off versus Alexander Semin in Islanders zone.
7:14 of 1st period - Shot by Jordan Staal.
7:14 of 1st period - Deflect By Joffrey Lupul.
7:14 of 1st period - Shot Misses the Net.
7:16 of 1st period - Shot by Jonathan Marchessault.
7:16 of 1st period - Shot Misses the Net.
7:18 of 1st period - Shot by Jonathan Marchessault.
7:18 of 1st period - Stopped by Braden Holtby without a rebound.
7:19 of 1st period - Tyler Bozak wins face-off versus Nazem Kadri in Islanders zone.
7:34 of 1st period - Shot by Kris Russell.
7:34 of 1st period - Stopped by Braden Holtby without a rebound.
7:35 of 1st period - Nate Thompson wins face-off versus Nazem Kadri in Islanders zone.
7:35 of 1st period - Nate Thompson is hit by Milan Lucic.
8:39 of 1st period - Icing by Kris Russell.
8:40 of 1st period - Jordan Staal wins face-off versus Alexander Semin in MapleLeafs zone.
10:15 of 1st period - Shot by Tyler Bozak.
10:15 of 1st period - Stopped by Petr Mrazek without a rebound.
10:16 of 1st period - Jordan Staal wins face-off versus Josh Jooris in MapleLeafs zone.
10:48 of 1st period - Shot by Alexander Semin.
10:48 of 1st period - Shot Misses the Net.
12:04 of 1st period - Karl Alzner is hit by Pierre-Alexandr Parenteau and loses puck.
12:25 of 1st period - Shot by Shawn Horcoff.
12:25 of 1st period - Shot Blocked by Brent Seabrook.
12:43 of 1st period - Shot by Nate Thompson.
12:43 of 1st period - Shot Misses the Net.
12:47 of 1st period - Shot by Alexander Semin.
12:47 of 1st period - Stopped by Petr Mrazek with a rebound.
12:59 of 1st period - Shot by Nate Thompson.
12:59 of 1st period - Stopped by Petr Mrazek with a rebound.
13:01 of 1st period - Shot by Josh Jooris.
13:01 of 1st period - Stopped by Petr Mrazek without a rebound.
13:02 of 1st period - Tyler Bozak wins face-off versus Nazem Kadri in MapleLeafs zone.
13:10 of 1st period - Alexei Emelin is hit by Luca Sbisa and loses puck.
13:38 of 1st period - Icing by Kris Russell.
13:39 of 1st period - Nazem Kadri wins face-off versus Shawn Horcoff in MapleLeafs zone.
13:39 of 1st period - Kris Russell is hit by Shawn Horcoff and loses puck.
15:19 of 1st period - Tyler Bozak is hit by Nick Leddy and loses puck.
15:30 of 1st period - Shot by Patrick Sharp.
15:30 of 1st period - Stopped by Petr Mrazek with a rebound.
16:19 of 1st period - Off-side.
16:20 of 1st period - Shawn Horcoff wins face-off versus Mikael Backlund in neutral zone.
16:49 of 1st period - Shot by Colin Wilson.
16:49 of 1st period - Shot Misses the Net.
17:39 of 1st period - Icing by Josh Jooris.
17:40 of 1st period - Nazem Kadri wins face-off versus Josh Jooris in Islanders zone.
17:40 of 1st period - Nazem Kadri is hit by Roman Polak.
17:44 of 1st period - Shot by Joonas Donskoi.
17:44 of 1st period - Shot Misses the Net.
18:01 of 1st period - Icing by Roman Polak.
18:02 of 1st period - Josh Jooris wins face-off versus Mikael Backlund in Islanders zone.
18:12 of 1st period - Karl Alzner is hit by Josh Jooris and loses puck.
18:33 of 1st period - Shot by Patrick Sharp.
18:33 of 1st period - Stopped by Petr Mrazek without a rebound.
18:34 of 1st period - Shawn Horcoff wins face-off versus Nazem Kadri in MapleLeafs zone.
18:55 of 1st period - Shot by Jonathan Marchessault.
18:55 of 1st period - Stopped by Braden Holtby without a rebound.
18:56 of 1st period - Jordan Staal wins face-off versus Tyler Bozak in Islanders zone.
18:56 of 1st period - Joonas Donskoi is hit by Josh Manson and loses puck.
19:31 of 1st period - Shot by Patrick Sharp.
19:31 of 1st period - Shot Blocked by Alexei Emelin.
19:34 of 1st period - Icing by Kris Russell.
19:35 of 1st period - Jordan Staal wins face-off versus Shawn Horcoff in MapleLeafs zone.
19:35 of 1st period - Jordan Staal is hit by Shawn Horcoff.
19:42 of 1st period - Icing by Milan Lucic.
19:43 of 1st period - Shawn Horcoff wins face-off versus Jordan Staal in MapleLeafs zone.
19:52 of 1st period - Shot by Milan Lucic.
19:52 of 1st period - Shot Blocked by Colin Wilson.
Goals for this period are 0 for Islanders vs 0 for MapleLeafs.
Shots for this period are 11 for Islanders vs 6 for MapleLeafs.

2nd period


0:01 of 2nd period - Nazem Kadri wins face-off versus Tyler Bozak in neutral zone.
0:20 of 2nd period - Shot by Erik Condra.
0:20 of 2nd period - Shot Hit the Post.
0:22 of 2nd period - Shot by Niklas Hjalmarsson.
0:22 of 2nd period - Stopped by Petr Mrazek without a rebound.
0:23 of 2nd period - Shawn Horcoff wins face-off versus Riley Sheahan in MapleLeafs zone.
0:39 of 2nd period - Shot by Riley Sheahan.
0:39 of 2nd period - Shot Blocked by Luca Sbisa.
0:41 of 2nd period - Shot by Alexey Marchenko.
0:41 of 2nd period - Stopped by Braden Holtby without a rebound.
0:42 of 2nd period - Patrick Sharp wins face-off versus Nazem Kadri in Islanders zone.
0:58 of 2nd period - Shot by Tyler Bozak.
0:58 of 2nd period - Stopped by Petr Mrazek without a rebound.
0:59 of 2nd period - Mikael Backlund wins face-off versus Colin Wilson in MapleLeafs zone.
1:07 of 2nd period - Icing by Pierre-Alexandr Parenteau.
1:08 of 2nd period - Shawn Horcoff wins face-off versus Nazem Kadri in Islanders zone.
1:14 of 2nd period - Colin Wilson is hit by Brent Seabrook and loses puck.
1:21 of 2nd period - Shot by Colin Wilson.
1:21 of 2nd period - Shot Blocked by Brent Seabrook.
1:49 of 2nd period - Icing by Andy Greene.
1:50 of 2nd period - Shawn Horcoff wins face-off versus Mikael Backlund in Islanders zone.
2:21 of 2nd period - Shot by Patrick Sharp.
2:21 of 2nd period - Stopped by Petr Mrazek without a rebound.
2:22 of 2nd period - Riley Sheahan wins face-off versus Josh Jooris in MapleLeafs zone.
2:26 of 2nd period - Kris Russell is hit by Nate Thompson and loses puck.
2:46 of 2nd period - Alexander Semin is hit by Alexei Emelin and loses puck.
2:58 of 2nd period - Kris Russell is hit by Nate Thompson and loses puck.
3:35 of 2nd period - Shot by Erik Condra.
3:35 of 2nd period - Deflect By Patrick Sharp.
3:35 of 2nd period - Stopped by Petr Mrazek without a rebound.
3:36 of 2nd period - Shawn Horcoff wins face-off versus Jordan Staal in MapleLeafs zone.
3:37 of 2nd period - Shot by Colin Wilson.
3:37 of 2nd period - Shot Misses the Net.
5:29 of 2nd period - Off-side.
5:30 of 2nd period - Josh Jooris wins face-off versus Brendan Leipsic in neutral zone.
5:32 of 2nd period - Brandon Davidson is hit by Alexei Emelin and loses puck.
6:01 of 2nd period - Shot by Alexei Emelin.
6:01 of 2nd period - Shot Misses the Net.
6:03 of 2nd period - Shot by Kris Russell.
6:03 of 2nd period - Shot Blocked by Brandon Davidson.
6:30 of 2nd period - Icing by Nick Leddy.
6:31 of 2nd period - Jordan Staal wins face-off versus Pierre-Alexandr Parenteau in MapleLeafs zone.
7:07 of 2nd period - Shot by Shawn Horcoff.
7:07 of 2nd period - Deflect By Colin Wilson.
7:07 of 2nd period - Shot Misses the Net.
8:11 of 2nd period - Minor Penalty to Brent Seabrook for Holding.
8:12 of 2nd period - Nate Thompson wins face-off versus Jordan Staal in MapleLeafs zone.
8:39 of 2nd period - Shot by Nate Thompson.
8:39 of 2nd period - Shot Misses the Net.
9:34 of 2nd period - Roman Polak is hit by Alexei Emelin and loses puck.
10:55 of 2nd period - Nate Thompson is hit by Riley Sheahan and loses puck.
11:08 of 2nd period - Shot by Alexander Semin.
11:08 of 2nd period - Deflect By Josh Jooris.
11:08 of 2nd period - Shot Misses the Net.
11:10 of 2nd period - Shot by Alexander Semin.
11:10 of 2nd period - Shot Misses the Net.
11:12 of 2nd period - Shot by Josh Jooris.
11:12 of 2nd period - Stopped by Petr Mrazek without a rebound.
11:13 of 2nd period - Nazem Kadri wins face-off versus Tyler Bozak in MapleLeafs zone.
11:33 of 2nd period - Shot by Tyler Bozak.
11:33 of 2nd period - Shot Hit the Post.
11:46 of 2nd period - Patrick Sharp is hit by Alexei Emelin and loses puck.
12:11 of 2nd period - Off-side.
12:12 of 2nd period - Josh Jooris wins face-off versus Jordan Staal in neutral zone.
12:53 of 2nd period - Off-side.
12:54 of 2nd period - Mikael Backlund wins face-off versus Tyler Bozak in neutral zone.
13:05 of 2nd period - Minor Penalty to Erik Condra for Boarding.
13:06 of 2nd period - Jordan Staal wins face-off versus Alexander Semin in Islanders zone.
13:19 of 2nd period - Shot by Jonathan Marchessault.
13:19 of 2nd period - Shot Blocked by Brandon Davidson.
13:21 of 2nd period - Shot by Jordan Staal.
13:21 of 2nd period - Shot Misses the Net.
13:42 of 2nd period - Kris Russell is hit by Andy Greene and loses puck.
14:17 of 2nd period - Shot by Joonas Donskoi.
14:17 of 2nd period - Shot Misses the Net.
14:33 of 2nd period - Shot by Karl Alzner.
14:33 of 2nd period - Shot Blocked by Alexander Semin.
14:35 of 2nd period - Shot by Karl Alzner.
14:35 of 2nd period - Shot Blocked by Niklas Hjalmarsson.
14:39 of 2nd period - Shot by Joonas Donskoi.
14:39 of 2nd period - Deflect By Milan Lucic.
14:39 of 2nd period - Stopped by Braden Holtby with a rebound.
15:01 of 2nd period - Shot by Joffrey Lupul.
15:01 of 2nd period - Stopped by Braden Holtby with a rebound.
15:09 of 2nd period - Shot by Brendan Leipsic.
15:09 of 2nd period - Stopped by Braden Holtby without a rebound.
15:10 of 2nd period - Mikael Backlund wins face-off versus Nate Thompson in Islanders zone.
15:22 of 2nd period - Icing by Andy Greene.
15:23 of 2nd period - Erik Condra wins face-off versus Riley Sheahan in Islanders zone.
16:19 of 2nd period - Shot by Shawn Horcoff.
16:19 of 2nd period - Stopped by Petr Mrazek without a rebound.
16:20 of 2nd period - Jordan Staal wins face-off versus Shawn Horcoff in MapleLeafs zone.
16:20 of 2nd period - Milan Lucic is hit by Colin Wilson and loses puck.
17:37 of 2nd period - Icing by Tyler Bozak.
17:38 of 2nd period - Tyler Bozak wins face-off versus Mikael Backlund in Islanders zone.
Goals for this period are 0 for Islanders vs 0 for MapleLeafs.
Shots for this period are 6 for Islanders vs 4 for MapleLeafs.

3rd period


0:01 of 3rd period - Jordan Staal wins face-off versus Tyler Bozak in neutral zone.
0:42 of 3rd period - Shot by Tyler Bozak.
0:42 of 3rd period - Shot Blocked by Brent Seabrook.
0:55 of 3rd period - Icing by Niklas Hjalmarsson.
0:56 of 3rd period - Mikael Backlund wins face-off versus Tyler Bozak in Islanders zone.
1:49 of 3rd period - Icing by Josh Manson.
1:50 of 3rd period - Nazem Kadri wins face-off versus Tyler Bozak in Islanders zone.
1:59 of 3rd period - Nick Leddy is hit by Tyler Bozak and loses puck.
2:07 of 3rd period - Icing by Alexey Marchenko.
2:08 of 3rd period - Nazem Kadri wins face-off versus Shawn Horcoff in MapleLeafs zone.
2:33 of 3rd period - Shot by Jonathan Marchessault.
2:33 of 3rd period - Stopped by Braden Holtby without a rebound.
2:34 of 3rd period - Joonas Donskoi wins face-off versus Josh Jooris in Islanders zone.
2:38 of 3rd period - Icing by Roman Polak.
2:39 of 3rd period - Josh Jooris wins face-off versus Jordan Staal in Islanders zone.
2:54 of 3rd period - Shot by Joonas Donskoi.
2:54 of 3rd period - Stopped by Braden Holtby without a rebound.
2:55 of 3rd period - Shawn Horcoff wins face-off versus Mikael Backlund in Islanders zone.
2:55 of 3rd period - Andy Greene is hit by Mikael Backlund and loses puck.
3:18 of 3rd period - Minor Penalty to Pierre-Alexandr Parenteau for Interference.
3:19 of 3rd period - Nate Thompson wins face-off versus Nazem Kadri in Islanders zone.
3:41 of 3rd period - Shot by Nate Thompson.
3:41 of 3rd period - Shot Blocked by Karl Alzner.
3:43 of 3rd period - Shot by Andy Greene.
3:43 of 3rd period - Stopped by Petr Mrazek without a rebound.
3:44 of 3rd period - Tyler Bozak wins face-off versus Jordan Staal in MapleLeafs zone.
5:15 of 3rd period - Shot by Brent Seabrook.
5:15 of 3rd period - Stopped by Braden Holtby without a rebound.
5:16 of 3rd period - Jordan Staal wins face-off versus Nate Thompson in Islanders zone.
6:54 of 3rd period - Shot by Patrick Sharp.
6:54 of 3rd period - Shot Misses the Net.
7:43 of 3rd period - Icing by Alexey Marchenko.
7:44 of 3rd period - Shawn Horcoff wins face-off versus Jordan Staal in MapleLeafs zone.
7:54 of 3rd period - Pierre-Alexandr Parenteau is hit by Nick Leddy and loses puck.
8:15 of 3rd period - Shot by Jordan Staal.
8:15 of 3rd period - Shot Misses the Net.
8:42 of 3rd period - Icing by Alexei Emelin.
8:43 of 3rd period - Nate Thompson wins face-off versus Riley Sheahan in MapleLeafs zone.
8:53 of 3rd period - Minor Penalty to Roman Polak for Cross-checking.
8:54 of 3rd period - Jordan Staal wins face-off versus Tyler Bozak in Islanders zone.
9:35 of 3rd period - Icing by Brent Seabrook.
9:36 of 3rd period - Nate Thompson wins face-off versus Jordan Staal in MapleLeafs zone.
11:11 of 3rd period - Shot by Mikael Backlund.
11:11 of 3rd period - Shot Misses the Net.
11:13 of 3rd period - Shot by Alexei Emelin.
11:13 of 3rd period - Stopped by Braden Holtby with a rebound.
11:21 of 3rd period - Shot by Brendan Leipsic.
11:21 of 3rd period - Shot Blocked by Andy Greene.
12:05 of 3rd period - Shot by Landon Ferraro.
12:05 of 3rd period - Stopped by Braden Holtby without a rebound.
12:06 of 3rd period - Tyler Bozak wins face-off versus Nazem Kadri in Islanders zone.
12:17 of 3rd period - Shot by Nazem Kadri.
12:17 of 3rd period - Shot Misses the Net.
12:53 of 3rd period - Tyler Bozak is hit by Nazem Kadri and loses puck.
12:59 of 3rd period - Erik Condra is hit by Alexei Emelin and loses puck.
13:26 of 3rd period - Shot by Jordan Staal.
13:26 of 3rd period - Goal by Jordan Staal - Islanders : 0 - MapleLeafs : 1.
13:27 of 3rd period - Mikael Backlund wins face-off versus Josh Jooris in neutral zone.
15:01 of 3rd period - Shot by Joonas Donskoi.
15:01 of 3rd period - Stopped by Braden Holtby without a rebound.
15:02 of 3rd period - Tyler Bozak wins face-off versus Riley Sheahan in Islanders zone.
15:17 of 3rd period - Shot by Andreas Athanasiou.
15:17 of 3rd period - Stopped by Braden Holtby without a rebound.
15:18 of 3rd period - Nazem Kadri wins face-off versus Josh Jooris in Islanders zone.
15:44 of 3rd period - Icing by Karl Alzner.
15:45 of 3rd period - Patrick Sharp wins face-off versus Nazem Kadri in MapleLeafs zone.
15:54 of 3rd period - Erik Condra is hit by Nazem Kadri and loses puck.
16:00 of 3rd period - Icing by Niklas Hjalmarsson.
16:01 of 3rd period - Tyler Bozak wins face-off versus Jordan Staal in Islanders zone.
16:06 of 3rd period - Shot by Jordan Staal.
16:06 of 3rd period - Stopped by Braden Holtby with a rebound.
16:08 of 3rd period - Shot by Kris Russell.
16:08 of 3rd period - Shot Misses the Net.
16:18 of 3rd period - Shot by Milan Lucic.
16:18 of 3rd period - Deflect By Jordan Staal.
16:18 of 3rd period - Shot Blocked by Erik Condra.
16:28 of 3rd period - Shot by Milan Lucic.
16:28 of 3rd period - Stopped by Braden Holtby without a rebound.
16:29 of 3rd period - Riley Sheahan wins face-off versus Shawn Horcoff in Islanders zone.
17:38 of 3rd period - Colin Wilson is hit by Karl Alzner and loses puck.
17:51 of 3rd period - Shot by Erik Condra.
17:51 of 3rd period - Stopped by Petr Mrazek without a rebound.
17:52 of 3rd period - Tyler Bozak wins face-off versus Nazem Kadri in MapleLeafs zone.
18:05 of 3rd period - Kris Russell is hit by Josh Manson and loses puck.
18:31 of 3rd period - Shot by Jonathan Marchessault.
18:31 of 3rd period - Shot Blocked by Niklas Hjalmarsson.
18:33 of 3rd period - Shot by Jonathan Marchessault.
18:33 of 3rd period - Shot Blocked by Niklas Hjalmarsson.
18:35 of 3rd period - Shot by Nazem Kadri.
18:35 of 3rd period - Stopped by Braden Holtby without a rebound.
18:36 of 3rd period - Jordan Staal wins face-off versus Josh Jooris in Islanders zone.
18:44 of 3rd period - Milan Lucic is hit by Roman Polak.
18:46 of 3rd period - Shot by Joonas Donskoi.
18:46 of 3rd period - Shot Blocked by Brandon Davidson.
18:56 of 3rd period - Islanders, Braden Holtby is pulled from the net.
Goals for this period are 0 for Islanders vs 1 for MapleLeafs.
Shots for this period are 2 for Islanders vs 11 for MapleLeafs.